 Dungeon Crawl Stone Soup version 0.17.1-3-g152610e (webtiles) character file.

1045 Peloso the Shield-Bearer (level 8, 0/69 HPs)
             Began as a Minotaur Fighter on Feb 21, 2016.
             Was an Initiate of Okawaru.
             Slain by an orc warrior
             ... wielding a +0 dire flail
              (10 damage)
             ... on level 6 of the Dungeon.
             The game lasted 00:12:24 (5169 turns).

Peloso the Shield-Bearer (Minotaur Fighter)         Turns: 5169, Time: 00:12:24

Health: 0/69       AC: 10    Str: 22    XL:     8   Next: 4%
Magic:  7/7        EV:  5    Int:  5    God:    Okawaru [......]
Gold:   181        SH: 15    Dex: 11    Spells: 0 memorised, 7 levels left

rFire  . . .     SeeInvis .     a - +0 long sword
rCold  . . .     Clarity  .     r - +0 chain mail
rNeg   . . .     SustAt   .     p - -1 large shield (curse)
rPois  +         Gourm    .     (helmet restricted)
rElec  .         Spirit   .     (no cloak)
rCorr  .         Warding  .     (no gloves)
rMut   .         Stasis   .     (no boots)
MR     .....                    (no amulet)
Stlth  ..........               (no ring)
                                j - ring of poison resistance

@: not resistant to hostile enchantments, extremely unstealthy
A: retaliatory headbutt, horns 2
a: Renounce Religion


You were on level 6 of the Dungeon.
You worshipped Okawaru.
Okawaru was noncommittal.
You were not hungry.

You visited 2 branches of the dungeon, and saw 7 of its levels.

You collected 181 gold pieces.

Inventory:

Hand Weapons
 a - a +0 long sword (weapon)
Armour
 b - a +0 scale mail
 c - a +0 shield
 p - a cursed -1 large shield (worn)
 r - a +0 chain mail (worn)
Jewellery
 j - a ring of poison resistance (left hand)
Wands
 u - a wand of confusion (10)
 w - a wand of frost (11)
 x - a wand of digging (11)
Scrolls
 f - 2 scrolls of remove curse {unknown}
 g - 2 scrolls of noise {unknown}
 h - 10 scrolls of identify {unknown}
 l - a scroll of recharging {unknown}
 o - 2 scrolls of immolation {unknown}
 t - 3 scrolls of amnesia {unknown}
 y - 2 scrolls of enchant weapon {unknown}
Potions
 d - a potion of might
 i - 3 potions of curing {unknown}
 k - 2 potions of brilliance {unknown}
 m - a potion of degeneration {unknown}
 s - a potion of ambrosia {unknown}
 v - a potion of resistance {unknown}
Comestibles
 e - 5 bread rations
 n - a beef jerky
 q - a royal jelly


   Skills:
 + Level 5.4 Fighting
 + Level 4.7 Long Blades
 + Level 6.9 Armour
 + Level 3.3 Dodging
 + Level 0.3 Stealth
 + Level 7.2 Shields


You had 7 spell levels left.
You didn't know any spells.

Dungeon Overview and Level Annotations

Branches:
Dungeon (6/15)             Temple (1/1) D:6

Altars:
Ashenzari
Cheibriados
Dithmenos
Elyvilon
Fedhas
Kikubaaqudgha
Makhleb
Nemelex Xobeh
Okawaru
Qazlal
Ru
Sif Muna
Trog
Vehumet
Xom
Yredelemnul
Zin
The Shining One


Innate Abilities, Weirdness & Mutations

You reflexively headbutt those who attack you in melee.
You have a pair of horns on your head.


Message History

You closely miss the orc warrior.
The orc warrior is lightly wounded.
The orc warrior hits you with a dire flail.
You closely miss the orc warrior.
You headbutt the orc warrior, but do no damage.
The orc warrior is lightly wounded.
The orc warrior hits you with a dire flail!!
Your chain mail prevents you from hitting the orc warrior.
Your headbutt misses the orc warrior.
The orc warrior is lightly wounded.
The orc warrior hits you with a dire flail!
* * * LOW HITPOINT WARNING * * *
You closely miss the orc warrior.
You headbutt the orc warrior, but do no damage.
The orc warrior is lightly wounded.
You block the orc warrior's attack.
You hit the orc warrior but do no damage.
The orc warrior is lightly wounded.
The orc warrior hits you with a dire flail!
You die...

.................#
..........###..###
#####.###.###..###
# #............#
#.###.###..### #.#
#.# #..# #.# #.#
#..#
#.###.###.o###
#.........oo@#
#####.###.#### #.#
#. #.. .. ###


You could see an orc warrior, an orc priest and an orc.

Vanquished Creatures
  An ogre (D:5)
  2 centaurs (D:5)
  A sky beast (D:5)
  A gnoll sergeant (D:5)
  A scorpion (D:5)
  A water moccasin skeleton (D:4)
  2 crimson imps (D:5)
  3 orc wizards
  A giant frog zombie (D:5)
  A hound (D:6)
  An iguana (D:4)
  4 worker ants
  A killer bee zombie (D:5)
  A hound skeleton (D:5)
  4 gnolls (D:4)
  7 adders
  An ooze (D:1)
  2 worms
  8 orcs
  5 bats
  3 giant cockroaches
  5 hobgoblins
  6 jackals
  A quokka (D:4)
  6 giant geckos
  6 giant newts
  10 goblins
  5 kobolds
  A quokka skeleton (D:4)
  A quokka zombie (D:5)
  7 rats
99 creatures vanquished.

Notes
Turn   | Place    | Note
--------------------------------------------------------------
     0 | D:1      | Peloso the Minotaur Fighter began the quest for the Orb.
     0 | D:1      | Reached XP level 1. HP: 19/19 MP: 0/0
   176 | D:1      | Reached skill level 4 in Shields
   176 | D:1      | Reached XP level 2. HP: 25/27 MP: 1/1
   774 | D:2      | Reached XP level 3. HP: 30/33 MP: 2/2
  1073 | D:2      | Reached skill level 1 in Dodging
  1237 | D:2      | Reached XP level 4. HP: 40/40 MP: 3/3
  2117 | D:4      | Reached XP level 5. HP: 20/47 MP: 4/4
  2414 | D:4      | Reached skill level 5 in Shields
  2569 | D:4      | Reached skill level 5 in Armour
  2618 | D:4      | Reached XP level 6. HP: 24/53 MP: 5/5
  3059 | D:5      | Entered Level 5 of the Dungeon
  3348 | D:5      | Reached skill level 6 in Shields
  3348 | D:5      | Reached XP level 7. HP: 52/60 MP: 6/6
  3599 | D:5      | Reached skill level 5 in Fighting
  4651 | D:5      | Reached skill level 7 in Shields
  4836 | D:6      | Found a staircase to the Ecumenical Temple.
  4857 | D:6      | Reached XP level 8. HP: 63/69 MP: 7/7
  4863 | Temple   | Entered the Ecumenical Temple
  4912 | Temple   | Became a worshipper of Warmaster Okawaru
  5169 | D:6      | Slain by an orc warrior

Action                   |  1- 3 |  4- 6 |  7- 9 || total
-------------------------+-------+-------+-------++-------
Melee: Long sword        |   126 |   159 |   116 ||   401
  Eat: Chunk             |       |     5 |     6 ||    11
       Pizza             |       |     1 |       ||     1
       Beef jerky        |       |       |     1 ||     1
